Cogmind - Beta 11.1 @@@ ROGUE MODE // 2022.09.21 @ 12:44:22 Player: Zirov Result: Destroyed by S-10 Pest with Light Assault Rifle Performance ------------- Evolutions (0) 0 Regions Visited (2) 400 Robots Destroyed (24) 120 Value Destroyed (553) 553 Prototype IDs (0) 0 Alien Tech Used (0) 0 Bonus (54) 54 TOTAL SCORE: 1127 Bonus ------- High Alert Combat Kills 19 Follower Combat Kills 35 Cogmind --------- Core Integrity 0/250 Matter 290/300 Energy 100/100 System Corruption 0% Temperature Cool (0) Movement Walking (120) Location -10/Mines Parts ------- > --- POWER (1) -------- (None) > --- PROPULSION (2) --- Aluminum Leg > --- UTILITY (2) ------ Small Storage Unit > --- WEAPON (2) ------- Hammer > --- INVENTORY (8) ---- Visual Processing Unit Experimental Sensor Array Signal Interpreter Small Laser Light Assault Rifle Light Assault Rifle Peak State ------------ > --- POWER ------------ Light Ion Engine > --- PROPULSION ------- Aluminum Leg Aluminum Leg > --- UTILITY ---------- Small Storage Unit Light Armor Plating > --- WEAPON ----------- Small Laser Grenade Launcher > --- INVENTORY -------- Wheel Visual Processing Unit Experimental Sensor Array Signal Interpreter Medium Laser Light Assault Rifle Light Assault Rifle Hammer [Rating: 8] Favorites ----------- Power Light Ion Engine Engine Light Ion Engine Propulsion Aluminum Leg Leg Aluminum Leg Wheel Wheel Utility Small Storage Unit Device Seismic Detector Storage Small Storage Unit Protection Light Armor Plating Weapon Hammer Energy Gun Small Laser Launcher Grenade Launcher Impact Weapon Hammer Build | -11 -10 -10 ------- Run | Scr Mat Min Slots Evolved . | . . . Power . | . . . Propulsion . | . . . Utility . | . . . Weapon . | . . . Parts Attached 22 | 8 9 5 Power 2 | 1 1 . Engine 2 | 1 1 . Core . | . . . Reactor . | . . . Propulsion 7 | 2 3 2 Treads . | . . . Leg 6 | 2 3 1 Wheel 1 | . . 1 Hover . | . . . Flight . | . . . Utility 4 | 2 2 . Device 1 | 1 . . Storage 1 | 1 . . Processor . | . . . Hackware . | . . . Protection 2 | . 2 . Artifact . | . . . Weapon 9 | 3 3 3 Energy Gun 5 | 3 1 1 Energy Cannon . | . . . Ballistic Gun . | . . . Ballistic Cannon . | . . . Launcher 2 | . 1 1 Special Weapon . | . . . Impact Weapon 2 | . 1 1 Slashing Weapon . | . . . Piercing Weapon . | . . . Special Melee Weapon . | . . . Unidentified Prototypes . | . . . Parts Lost 11 | . 4 7 Power 2 | . 1 1 Propulsion 4 | . 1 3 Utility 2 | . 1 1 Weapon 3 | . 1 2 Highest Loss Streak 4 | . 2 4 To Critical Strikes . | . . . Average Slot Usage (%) 83 | . 84 81 Engine 8 | . 7 11 Leg 25 | . 27 18 Device 3 | . 4 . Storage 14 | . 14 14 Protection 7 | . 7 7 Energy Gun 11 | . 11 12 Launcher 1 | . . 3 Impact Weapon 8 | . 9 7 Naked Turns . | . . . Heaviest Build 16 | 12 14 16 Greatest Support 20 | 20 20 20 Greatest Overweight (x) 3 | 3 . 2 Average Overweight (x) . | . . . Largest Inventory Capacity 8 | 8 8 8 Average Capacity 7 | 7 8 8 Most Carried 8 | 1 8 8 Average Carried 5 | . 5 7 Final Capacity 8 | 8 8 8 Final Carried 8 | 1 8 6 Class Distribution -------------------- 100% | Mutant Dominant Class ---------------- Mutant | -10/Materials Mutant | -10/Mines Resources | -11 -10 -10 ----------- Run | Scr Mat Min Matter Collected 500 | 280 153 67 Remotely . | . . . Salvage Created 860 | 96 593 171 Parts 30 | 4 18 8 Haulers Intercepted . | . . . Recyclers Shooed 1 | 1 . . Parts Field Recycled . | . . . Retrieved Matter . | . . . Parts Self-Destructed . | . . . Prevented . | . . . Kills | -11 -10 -10 ------- Run | Scr Mat Min Combat Hostiles Destroyed 23 | . 13 10 Melee 1 | . . 1 Guns 4 | . 3 1 AOE 13 | . 5 8 Classes Destroyed 7 | 2 4 1 Worker 2 | . 2 . Tunneler 1 | 1 . . Recycler 4 | 1 2 1 Watcher 1 | . 1 . Swarmer 4 | . 3 1 Grunt 12 | . 10 2 Assembled 7 | . . 7 Best Kill Streak 8 | 2 4 8 Combat Bots Only 8 | . 3 8 Max Kills in Single Turn 4 | 1 3 4 Gunslinging . | . . . Exploded 4 | . 1 4 Melee 1 | . . 1 Uniques/NPCs Destroyed . | . . . Combat | -11 -10 -10 -------- Run | Scr Mat Min Damage Taken 1396 | . 569 827 Core 257 | . 74 183 Absorbed by Shields . | . . . Regen/Repaired (Parts) 85 | . 85 . Core Remaining (%) 100 | 100 . . Volleys Fired 39 | 6 25 8 Largest 2 | 2 2 2 Hottest 90 | 90 90 70 Shots Fired 66 | 11 43 12 Gun 54 | 11 36 7 Cannon . | . . . Launcher 12 | . 7 5 Special . | . . . Kinetic . | . . . Thermal 53 | 10 36 7 Explosive 12 | . 7 5 Electromagnetic 1 | 1 . . Robot Hit Streak 14 | 7 14 6 Robot Miss Streak 5 | . 5 3 Penetration Max . | . . . Secondary Targets . | . . . Shots Hit Robots 66 | 7 42 17 Core Hits 39 | 3 19 17 Critical Kills . | . . . Critical Parts Destroyed 6 | . 6 . Critical Strikes 8 | . 7 1 Burn 2 | . 1 1 Smash 6 | . 6 . Melee Attacks 36 | . 21 15 Impact 36 | . 21 15 Slashing . | . . . Piercing . | . . . Sneak Attacks 4 | . 3 1 Combat Hostiles . | . . . Follow-up Attacks . | . . . Damage Inflicted 1916 | 82 988 846 Guns 430 | 82 300 48 Cannons . | . . . Explosions 726 | . 221 505 Melee 760 | . 467 293 Ramming . | . . . Kinetic . | . . . Thermal 430 | 82 300 48 Explosive 726 | . 221 505 Electromagnetic . | . . . Impact 760 | . 467 293 Slashing . | . . . Piercing . | . . . Highest Corruption . | . . . Average Corruption . | . . . Corruption Purged . | . . . Corruption Blocked . | . . . Overload Shots . | . . . Overflow Damage 264 | . 194 70 Projectiles . | . . . Explosions 49 | . 2 47 Melee 215 | . 192 23 Knockbacks 3 | . 1 2 Impact 3 | . 1 2 Kinetic . | . . . Secondary . | . . . Self-Inflicted Damage 111 | . 49 62 Shots 5 | . 3 2 Rammed . | . . . Targets Rammed . | . . . Kicked . | . . . Crushed . | . . . Highest Temperature 196 | 120 196 45 Average Temperature 49 | 56 57 17 Received Heat Transfer 530 | . 234 296 Siege Activations . | . . . Robots Corrupted . | . . . Combat Hostiles . | . . . Parts Fried 6 | . 5 1 Impact Corruptions 10 | . 9 1 Robots Melted . | . . . Combat Hostiles . | . . . Parts Melted 3 | 1 2 . Heat Transferred 1313 | 223 892 198 Parts Sabotaged . | . . . Parts Stolen . | . . . Parts Stripped . | . . . Power Chain Reactions . | . . . Missiles Intercepted . | . . . Alert | -11 -10 -10 ------- Run | Scr Mat Min Peak Influence 461 | 10 461 217 Initial 85 | . 6 85 Average 224 | 3 272 151 Maximum Alert Level 2 | . 2 1 Low Security (%) 42 | 100 24 81 Level 1 47 | . 62 18 Level 2 9 | . 13 . Level 3 . | . . . Level 4 . | . . . Level 5 . | . . . High Security . | . . . Max Security . | . . . Squads Dispatched 3 | . 3 . Investigation 2 | . 2 . Extermination . | . . . Reinforcement 1 | . 1 . Assault . | . . . Garrison . | . . . Intercept . | . . . Searches Triggered . | . . . Construction Impeded . | . . . Haulers Reinforced . | . . . Active Scanning Responses . | . . . Cargo Convoy Interrupts . | . . . Stealth | -11 -10 -10 --------- Run | Scr Mat Min Distress Signals 2 | . 1 1 Communications Jammed . | . . . Distress Signals . | . . . Times Spotted 50 | . 22 28 Peak Tracking Total 17 | . 4 17 Tactical Retreats 2 | . 1 1 Traps | -11 -10 -10 ------- Run | Scr Mat Min Traps Triggered 2 | . 2 . Indirectly . | . . . Trap Hack Attempts . | . . . Triggered . | . . . Disarmed . | . . . Reprogrammed . | . . . Reused . | . . . Traps Extracted . | . . . Installed . | . . . Triggered . | . . . Machines | -11 -10 -10 ---------- Run | Scr Mat Min Machines Disabled 3 | . 1 2 Max in Single Turn 2 | . 1 2 Machines Sabotaged . | . . . Garrisons Compromised . | . . . Overloaded Fab Kills . | . . . Hacking | -11 -10 -10 --------- Run | Scr Mat Min Machines Accessed 5 | . 5 . Terminals 3 | . 3 . Fabricators . | . . . Repair Stations 1 | . 1 . Recycling Units 1 | . 1 . Scanalyzers . | . . . Garrison Access . | . . . Total Hacks 13 | . 13 . Successful 8 | . 8 . Failed 5 | . 5 . Catastrophic 1 | . 1 . Database Lockouts . | . . . Manual 2 | . 2 . Terminals 9 | . 9 . Fabricators . | . . . Repair Stations 3 | . 3 . Recycling Units 1 | . 1 . Scanalyzers . | . . . Garrison Access . | . . . Terminal Hacks 4 | . 4 . Level Access Points 1 | . 1 . Emergency Access Points 1 | . 1 . Repair Station Index 1 | . 1 . Registered Components 1 | . 1 . Fabricator Hacks . | . . . Repair Station Hacks 3 | . 3 . Scan Component 1 | . 1 . Repair 1 | . 1 . Refit 1 | . 1 . Recycling Unit Hacks 1 | . 1 . Report Inventory 1 | . 1 . Scanalyzer . | . . . Garrison Access Hacks . | . . . Unauthorized Hacks . | . . . Terminals . | . . . Fabricators . | . . . Repair Stations . | . . . Recycling Units . | . . . Scanalyzers . | . . . Garrison Access . | . . . Data Cores Recovered . | . . . Used . | . . . Hacking Detections 5 | . 5 . Full Trace Events 1 | . 1 . Feedback Events . | . . . Feedback Blocked . | . . . Robot Schematics Acquired . | . . . Robots Built . | . . . Authchips . | . . . Time . | . . . Total Robot Build Rating . | . . . Part Schematics Acquired . | . . . Parts Built . | . . . Authchips . | . . . Time . | . . . Total Part Build Rating . | . . . Parts Repaired 1 | . 1 . Time 26 | . 26 . Parts Recycled . | . . . Recycled Matter . | . . . Retrieved Matter . | . . . Retrieved Components . | . . . Parts Scanalyzed . | . . . Part Schematics Acquired . | . . . Parts Damaged . | . . . Bothacking | -11 -10 -10 ------------ Run | Scr Mat Min Used RIF Installer . | . . . Robots Hacked . | . . . Non-combat . | . . . Combat . | . . . Robot Hacks Applied . | . . . Relay Couplers Released . | . . . Fabnet Peak Effective % . | . . . Robots Rewired . | . . . Allies Hacked . | . . . Hacks Repelled . | . . . Allies | -11 -10 -10 -------- Run | Scr Mat Min Total Allies 3 | . . 3 Largest Group 3 | . . 3 Highest-Rated Group 40 | . . 40 Highest-Rated Ally 16 | . . 16 Total Orders . | . . . Ally Attacks 7 | . . 7 Total Damage 79 | . . 79 Kills 1 | . . 1 Allies Corrupted . | . . . Allies Melted . | . . . Intel | -11 -10 -10 ------- Run | Scr Mat Min Robot Analysis Total . | . . . Derelict Logs Recovered 1 | . . 1 Drone Launches . | . . . Drone Recoveries . | . . . Exploration | -11 -10 -10 ------------- Run | Scr Mat Min Turns Passed 1198 | 109 857 232 Spaces Moved 733 | 67 519 147 Core 31 | 27 . 4 Treads . | . . . Legs 654 | 40 519 95 Wheels 48 | . . 48 Hover . | . . . Flight . | . . . Fastest Speed 50 | 50 120 80 Average Speed 116 | 105 120 107 Slowest Speed 200 | 200 120 150 Overloaded Moves . | . . . Propulsion Burnouts . | . . . Robots Hopped . | . . . Cave-ins Triggered . | . . . Exploration Rate (%) 44 | 4 93 35 Regions Visited 2 Branch Regions 1 Pre-discovered Areas . | . . . Known Exits Taken . | . . . Unknown Exits Taken 2 | 1 1 . Scrap Searched . | . . . Spaces Dug . | . . . Terrain Destroyed 97 | . 49 48 Melee . | . . . Projectile . | . . . AOE 97 | . 49 48 Terrain Rammed . | . . . Walls Destroyed . | . . . Machines Disabled . | . . . Actions | -11 -10 -10 --------- Run | Scr Mat Min Total 944 | 91 671 182 Wait 102 | 8 89 5 Move 731 | 66 518 147 Hop . | . . . Pick Up 10 | 1 8 1 Fast Attach 11 | 8 2 1 Attach 5 | . 2 3 Detach 1 | 1 . . Swap 6 | . 5 1 Drop 3 | 1 1 1 Fire 39 | 6 25 8 Melee 36 | . 21 15 Ram . | . . . Kick . | . . . Crush . | . . . Escape Stasis . | . . . Rewire . | . . . Trap . | . . . Miscellaneous . | . . . Route ------- -11/Scrapyard -10/Materials (discovered 4 exits: *Mat x3 / [*Min]) -10/Mines History --------- Turn | Location | Event 7 | -11/Scrapyard | Discovered new exit (range 16) 110 | -11/Scrapyard | Entered Materials 177 | -10/Materials | Identified exit to Materials 311 | -10/Materials | Build established: Mutant 650 | -10/Materials | Discovered new exit (range 11) 810 | -10/Materials | Repaired Lgt. Armor Plating 967 | -10/Materials | Entered Mines 977 | -10/Mines | Assisted by bots powering up and referring to "LRC-V3" 1008 | -10/Mines | Found a damaged Exp. Sensor Array with a note attached 1012 | -10/Mines | Found Prototype Device 1053 | -10/Mines | Assembled infested the area 1100 | -10/Mines | Destroyed 8 combat bots 1107 | -10/Mines | Core integrity fell below 50% 1117 | -10/Mines | Learned Materials emergency access door positions 1129 | -10/Mines | Lost 3 parts (1n1u1w) 1169 | -10/Mines | Core integrity fell below 20% 1199 | -10/Mines | Destroyed by S-10 Pest with Light Assault Rifle Last Messages --------------- 01155_ S-10 Pest destroyed. 01156_ Lgt. Ion Engine destroyed. 01157_ R-06 Scavenger collects Flight Unit. 01160_ Wheel destroyed. 01161_ R-06 Scavenger collects Lgt. Assault Rifle. 01162_ G-34 Mercenary destroyed. 01162_ K-01 Serf collects debris. 01164_ G-47 Trooper knocked back. 01166_ K-01 Serf collects debris. 01171_ R-06 Scavenger collects Corrupted Sml. Storage Unit. 01172_ K-01 Serf collects debris. 01180_ Critical hit (Burn: +37). 01180_ K-01 Serf collects debris. 01185_ G-47 Trooper destroyed. 01185_ Med. Laser destroyed. 01188_ K-01 Serf collects debris. 01189_ R-06 Scavenger collects Imp. Heat Sink. 01190_ Acquired Aluminum Leg. 01192_ K-01 Serf collects debris. 01197_ G-47 Trooper knocked back. Map ----- +----------------------------------------------------+ | | | | | | | | | | | | | | | | | ?????????????????????????????????????????????????? | | ?????????????????????????????????????????????????? | | ?????????????????????????????????????????????????? | | ?????????????????????????????????????????????????? | | ?????????????????????????????????????????????????? | | ?????????????????????????????????????????????????? | | ?????????????????????????????????????????????????? | | ?????????????????????????????????????????????????? | | ?????????????????????????????????????????????????? | | ?????????????????????????????????????????????????? | | ?????????????????????????????????????????????????? | | ?????????????????????????????????????????????????? | | ??????????????????????#??????????????????????????? | | ??????????????????????# ?????????????????????????? | | ??????????????????##??# ?????????????????????????? | | ?????????????## ### ?# ?????????????????????????? | | ????????????## # ####?????????????????????? | | ??????????# g @ ##??????????????????? | | ?????????# s s g% k##?????????????????? | | ????????????"" ########%r% #????????????????? | | ????????????????????????# #????????????????? | | ????????????????????????# #????????????????# | | ????????????????????????## r #???????????????# | | ?????????????????????????##t##?????????????## | | ??????????????????????????#%#??????????????# | | ??????????????????????????# ####??##???????# | | ??????????????????????????# ## #???????# | | ??????????????????????????### #?####### | | ????????????????????????????# ### #?# | | ????????????????????????????# #?????# | | ????????????????????????????# #?????# #### | | ????????????????????????????# ####### #??# # | | ????????????????????????????# #??# ## | | ????????????????????????????############??## ### | | ???????????????????????????????????????????## # | | ????????????????????????????????????????????# | | ????????????????????????????????????????????# | | ????????????????????????????????????????????### | | ??????????????????????????????????????????????#### | | ?????????????????????????????????????????????????# | | ?????????????????????????????????????????????????# | | ?????????????????????????????????????????????????# | +----------------------------------------------------+ Best States ------------- Heat Dissipation 25 Energy Generation 10 Energy Capacity 125 Matter Stores 300 Matter Capacity 300 Sight Range 16 Terrain Scan Density 10 Armor Coverage 150 Evasion (%) 55 Item Schematics ----------------- None Robot Schematics ------------------ None Fabricated ------------ Nothing Alien Tech Used ----------------- None Achievements -------------- Slippery One Challenges ------------ None Game ------ Seed StasisIonStick Manual? 0 Play Time 00:14:25 Cumulative 13.3 hours Start 2022.09.21 @ 12:30:46 End 2022.09.21 @ 12:44:22 Sessions 1 Manual Loads 0 Difficulty Rogue Special Mode None Game No. 14 Rogue 14 Adventurer 0 Explorer 0 Win Type - Total 0 Types 0/0/0/0/0/0/0/0/0 Lore% 11 Gallery% 18 Achievement% 19 Wizard Run 0 Options --------- ASCII 1 Keyboard 1 Movement Numpad Keybinds 0 Fullscreen 1 Font 18/SmallcapsGlow Map View 76x50 Tactical HUD 1 Map Filters NONE Filters NONE Steam 1 RUN: d99a4130-7a1c-4f7a-a15e-b6576c6a16c1